 Dungeon Crawl Stone Soup version 0.21.1-1-g345015f (webtiles) character file.

21 letownia2 the Insei (level 2, 0/21 HPs)
             Began as a Merfolk Transmuter on Mar 20, 2018.
             Slain by a hobgoblin (5 damage)
             ... on level 2 of the Dungeon.
             The game lasted 00:02:08 (369 turns).

letownia2 the Insei (Merfolk Transmuter)             Turns: 369, Time: 00:02:09

Health: 0/21       AC:  2    Str: 10    XL:     2   Next: 83%
Magic:  4/5        EV: 13    Int: 12    God:
Gold:   46         SH:  0    Dex: 14    Spells: 2/5 levels left

rFire    . . .     SeeInvis .     - Unarmed
rCold    . . .     Gourm    .   (no shield)
rNeg     . . .     Faith    .   b - +0 robe
rPois    .         Spirit   .   (no helmet)
rElec    .         Reflect  .   (no cloak)
rCorr    .         Harm     .   (no gloves)
MR       .....                  (no boots)
Stlth    +.........             (no amulet)
HPRegen  0.07/turn              (no ring)
MPRegen  0.09/turn              (no ring)

@: appendage
A: change form in water, swift swim, stealthy swim, horns 2
a: End Transformation


You were on level 2 of the Dungeon.
You were not hungry.
You had grown temporary horns.
You visited 1 branch of the dungeon, and saw 3 of its levels.

You collected 46 gold pieces.

Inventory:

Missiles
 a - 11 arrows
 i - 18 poisoned needles
Armour
 b - a +0 robe (worn)
Scrolls
 e - 4 scrolls of identify {unknown}
Potions
 f - a potion of mutation {unknown}
 g - 4 potions of curing {unknown}
 h - 2 potions of cancellation {unknown}
Books
 c - a book of Changes

   Spells                             Type                      Level
   a - Beastly Appendage              Transmutation                1
   b - Sticks to Snakes               Transmutation                2
   c - Spider Form                    Transmutation/Poison         3
   d - Ice Form                       Ice/Transmutation            4
   e - Blade Hands                    Transmutation                5
Comestibles
 d - a ration


   Skills:
 + Level 1.1 Fighting
 + Level 3.1 Dodging
 + Level 3.9 Unarmed Combat
 + Level 2.2 Spellcasting
 + Level 2.7 Transmutations


You had 2 spell levels left.
You knew the following spells:

 Your Spells              Type           Power        Failure   Level  Hunger
a - Beastly Appendage     Tmut           #.....       9%          1    ##.....
l - Sticks to Snakes      Tmut           #.......     13%         2    ###....


Dungeon Overview and Level Annotations

Branches:
Dungeon (3/15)

Altars:

Annotations:
D:3 Sigmund


Innate Abilities, Weirdness & Mutations

You revert to your normal form in water.
You are very nimble and swift while swimming.
You are very stealthy in the water. (Stealth+)
You have a pair of horns on your head.


Message History

You kill the dart slug!
A bat comes into view.
A hobgoblin comes into view.
The hobgoblin shouts!
You can't go down here!
Casting: Beastly Appendage
Confirm with . or Enter, or press ? or * to list all spells.
You extend your transformation's duration.
A giant cockroach comes into view.
You barely miss the hobgoblin. The hobgoblin closely misses you.
An adder comes into view.
The adder hisses angrily.
You hit the hobgoblin. Your headbutt misses the hobgoblin.
Your punch misses the hobgoblin.
The hobgoblin is moderately wounded.
The hobgoblin barely misses you.
You barely miss the hobgoblin. Your headbutt misses the hobgoblin.
The hobgoblin is moderately wounded.
The hobgoblin hits you.
You die...

#.##.................
#..
########.###..###.
#.# ####.......... #.
##.......####.#
#.....#### #
####....###
#.........#
#>........#
...#@........#
#...Sg.........#
#.s.#..###.##### #..
##.........# ##
#.........#
#.........#
#...........b
...........###
..##.#####....


You could see an adder, a giant cockroach and a hobgoblin.

Vanquished Creatures
  2 dart slugs
  2 leopard geckos
  2 bats (D:1)
  2 hobgoblins (D:1)
  3 kobolds (D:1)
  A frilled lizard (D:1)
  A goblin (D:1)
  2 rats (D:1)
15 creatures vanquished.

Notes
Turn   | Place    | Note
-------+----------+-------------------------------------------
     0 | D:1      | letownia2 the Merfolk Transmuter began the quest for the Orb.
     0 | D:1      | Reached XP level 1. HP: 15/15 MP: 3/3
    75 | D:1      | Reached XP level 2. HP: 6/21 MP: 5/5
   215 | D:1      | Learned a level 2 spell: Sticks to Snakes
   328 | D:3      | Noticed Sigmund
   369 | D:2      | Slain by a hobgoblin

Skill      XL: |  1  2 |
---------------+-------+-----
Dodging        | 3 |  3.1
Fighting       | |  1.1
Unarmed Combat | |  3.9
Spellcasting   | |  2.2
Transmutations | |  2.7

Action                   || total
-------------------------++-------
Melee: Unarmed           ||    39
       Headbutt          ||     7
       Punch             ||     1
 Cast: Beastly Appendage ||    11
       Sticks to Snakes  ||     1
 Stab: Sleeping          ||     1
Armor: Robe              ||     3
Dodge: Dodged            ||    18
